 Dungeon Crawl Stone Soup version 0.28.0-53-g5a82cb258f (webtiles) character file.

Game seed: 2540001213479339631

3418 Revguard the Skirmisher (level 9, -10/75 HPs)
             Began as a Demigod Fighter on May 26, 2022.
             Mangled by an orc knight
             ... wielding a +0 glaive
              (22 damage)
             ... in a bailey.
             The game lasted 00:18:33 (8571 turns).

Revguard the Skirmisher (Demigod Fighter)           Turns: 8571, Time: 00:18:33

Health: -10/75     AC:  8    Str: 23 (27) XL:     9   Next: 47%
Magic:  11/11      EV: 14    Int:  9 (10) God:
Gold:   407        SH:  6    Dex: 18 (19) Spells: 8/8 levels left

rFire   . . .      SeeInvis .   j - +8 hand axe of a bailey {freeze, rN+}
rCold   . . .      Faith    .   c - +0 buckler
rNeg    + . .      Spirit   .   d - +1 troll leather armour
rPois   +          Reflect  .   (no helmet)
rElec   .          Harm     .   q - +1 cloak
rCorr   .          Rampage  .   (no gloves)
Will    .....                   (no boots)
Stlth   +.........              (no amulet)
HPRegen 1.02/turn               l - ring of Vyheamm {rPois Str+6}
MPRegen 0.12/turn               (no ring)

@: hasted, invisible, very quick
A: high MP 1, forlorn, divine attributes, clumsy 1, deterioration 1, mutation
resistance 1
a: no special abilities


You were in a bailey.
You visited 2 branches of the dungeon, and saw 9 of its levels.
You also visited: Sewer and Bailey.

You collected 407 gold pieces.

Inventory:

Hand Weapons
 a - a +0 trident
 j - the +8 hand axe of a bailey (weapon) {freeze, rN+}
   (You found it on level 2 of the Dungeon)

   It freezes those it strikes, dealing additional cold damage.
   It can also slow down cold-blooded creatures.
   rN:        It protects you from negative energy.
Missiles
 u - a throwing net (quivered)
Armour
 c - a +0 buckler (worn)
 d - a +1 troll leather armour (worn)
 q - a +1 cloak (worn)
Jewellery
 l - the ring of Vyheamm (left hand) {rPois Str+6}
   (You found it on level 2 of the Dungeon)

   [ring of strength]

   Str:       It affects your strength (+6).
   rPois:     It protects you from poison.
Wands
 g - a wand of polymorph (3)
Scrolls
 b - a scroll of identify
 h - a scroll of teleportation
Potions
 e - a potion of experience
 s - a potion of brilliance


   Skills:
 + Level 5.9 Fighting
 + Level 4.7(5.0) Axes
 - Level 2.1(3.7) Polearms
 + Level 5.8 Armour
 + Level 5.0 Dodging
 + Level 5.8 Shields
 + Level 5.0 Evocations


You had 8 spell levels left.
You didn't know any spells.
Your spell library contained the following spells:

 Spells                   Type           Power      Damage    Failure   Level
 Tukima's Dance           Hex            0%         N/A       87%         3
 Anguish                  Hex/Necr       0%         N/A       99%         4
 Enfeeble                 Hex            0%         N/A       100%        7


Dungeon Overview and Level Annotations

Branches:
Dungeon (8/15)             Temple (1/1) D:4            Lair (0/6) D:8
  Sewer (visited)          Bailey (1/1)

Shops:
D:2 (:

Annotations:
D:8 Erica


Innate Abilities, Weirdness & Mutations

You have an increased reservoir of magic. (+10% MP)
You shall have no god before yourself.
Your divine heritage dramatically boosts your attributes as you level up.
You are clumsy. (Dex -2)
Your body sometimes deteriorates upon taking damage.
You are somewhat resistant to further mutation.


Message History

You hit the orc knight. You freeze the orc knight.
The orc knight is heavily wounded.
You catch the helpless orc warrior completely off-guard!
You hit the orc warrior. You freeze the orc warrior.
The orc knight hits you with a +0 glaive!
* * * LOW HITPOINT WARNING * * *
Your body deteriorates!
You feel weakened. The orc warrior misses you.
You barely miss the orc knight.
The orc knight is heavily wounded.
You hit the orc warrior. You freeze the orc warrior.
You block the orc knight's attack.
The orc warrior hits you with a +0 glaive!
* * * LOW HITPOINT WARNING * * *
Unknown command.
You hit the orc knight. You freeze the orc knight.
The orc knight is severely wounded.
You catch the helpless orc warrior completely off-guard!
You hit the orc warrior. You freeze the orc warrior.
The orc knight barely misses you. You block the orc warrior's attack.
You hit the orc knight. You freeze the orc knight.
The orc knight is severely wounded.
You catch the helpless orc warrior completely off-guard!
You slash the orc warrior! You freeze the orc warrior.
You kill the orc warrior!
The orc knight barely misses you.
Your Dodging skill increases to level 5!
You slash the orc knight! You freeze the orc knight.
The orc knight is almost dead.
The orc hits you from afar with a +0 trident.
* * * LOW HITPOINT WARNING * * *
You closely miss the orc knight.
The orc knight is almost dead.
The orc knight hits you but does no damage.
The orc misses you.
You strike the helpless orc knight from behind!
You hit the orc knight but do no damage.
The orc knight is almost dead.
The orc knight hits you with a +0 glaive!!
You die...

..≈≈#.##≈......###......≈##)#≈≈..
...≈≈.≈≈≈...#########...≈≈≈.≈≈...
...........##.......##...........
..........##..#'#'#..##..........
..........#..##)#.##..#..........
.........##.#########.##.........
.........##.')#o.)#)'.##.........
.........##.###o8.###.##.........
.........##.'.#.@.#)'.##.........
.........##.####)####.##.........
.........##..##∩.∩##..#..........
.............##'''#..##..........
.............##.....##...........
...≈≈.≈≈≈....##....##...≈≈≈.≈≈...
..≈≈#.##≈....#######....≈##.#≈≈..
..≈##)∩#≈...............≈#∩.##≈..
..≈#.)....................)).#≈..


You could see an orc knight and an orc (strong).

Vanquished Creatures
  The ghost of Quickbrownfox the Chiller, a novice DsIE (D:6)
  A troll (D:7)
  A wraith (D:6)
  8 orc warriors
  An ice beast (D:6)
  A necrophage (D:5)
  A black bear (D:3)
  A centaur (D:5)
  A phantom (D:2)
  4 bullfrogs
  3 scorpions
  3 killer bees (D:6)
  A howler monkey (D:6)
  3 hounds
  4 jellies
  A gnoll shaman (D:6)
  3 orc priests
  Crazy Yiuf (D:5)
  A centaur skeleton (D:7)
  An iguana (D:6)
  5 orc wizards
  A hound skeleton (D:4)
  6 adders
  3 gnolls (D:6)
  A river rat (D:3)
  3 howler monkey skeletons
  A shadow imp (D:5)
  2 ufetubi
  An adder skeleton (D:4)
  2 worms
  3 dart slugs
  42 orcs
  12 ball pythons
  6 bats
  11 endoplasms
  7 giant cockroaches
  12 goblins
  5 hobgoblins
  3 jackals (D:4)
  7 kobolds
  11 quokkas
  18 frilled lizards
  12 rats
215 creatures vanquished.

Vanquished Creatures (others)
  A plant (D:2)
1 creature vanquished.

Grand Total: 216 creatures vanquished

Notes
Turn   | Place    | Note
-------+----------+-------------------------------------------
     0 | D:1      | Revguard the Demigod Fighter began the quest for the Orb.
     0 | D:1      | Reached XP level 1. HP: 18/18 MP: 3/3
   360 | D:1      | Reached XP level 2. HP: 25/25 MP: 4/4
  1163 | D:2      | Reached XP level 3. HP: 31/31 MP: 5/5
  1189 | D:2      | Identified the +8 hand axe of a bailey {freeze, rN+}
  1269 | D:2      | Reached skill level 1 in Evocations
  1287 | D:2      | Found Vepaviuxo's Book Emporium.
  1299 | D:2      | Reached skill level 1 in Dodging
  1363 | D:2      | Identified the ring of Vyheamm {rPois Str+6}
  1399 | D:2      | Found Gaotot's Antique Weapon Shop.
  1422 | D:2      | Noticed a phantom
  1436 | D:2      | Killed a phantom
  1437 | D:2      | Reached skill level 1 in Axes
  1437 | D:2      | Reached XP level 4. HP: 17/38 MP: 6/6
  2185 | D:3      | Found a glowing drain.
  2196 | D:3      | Reached XP level 5. HP: 39/45 MP: 7/7
  2202 | Sewer    | Entered a sewer
  2591 | Sewer    | Reached XP level 6. HP: 37/51 MP: 8/8
  2607 | Sewer    | Identified the +5 longbow "Emoi" {flame, rF+ rC+}
  3538 | D:4      | Found a staircase to the Ecumenical Temple.
  3543 | Temple   | Entered the Ecumenical Temple
  4301 | D:4      | Reached XP level 7. HP: 58/58 MP: 9/9
  4750 | D:4      | Gained mutation: You are clumsy. (Dex -2) [potion of
                  | mutation]
  4750 | D:4      | Gained mutation: Your body sometimes deteriorates upon
                  | taking damage. [potion of mutation]
  4750 | D:4      | Gained mutation: You are somewhat resistant to further
                  | mutation. [potion of mutation]
  4782 | D:5      | Entered Level 5 of the Dungeon
  5235 | D:5      | Identified the +0 leather armour of Integrity {rCorr}
  5380 | D:5      | Found a runed translucent door.
  5381 | D:5      | Noticed Crazy Yiuf
  5537 | D:5      | Killed Crazy Yiuf
  5891 | D:6      | Reached XP level 8. HP: 60/67 MP: 10/10
  6148 | D:6      | Found a runed translucent gate.
  6148 | D:6      | Found a runed translucent gate.
  6148 | D:6      | Found a runed translucent gate.
  6152 | D:6      | Noticed Quickbrownfox's ghost (novice DsIE)
  6171 | D:6      | Killed Quickbrownfox's ghost
  6382 | D:6      | Reached skill level 5 in Fighting
  6593 | D:6      | Reached skill level 5 in Shields
  6594 | D:6      | Reached skill level 5 in Armour
  7099 | D:7      | Noticed a troll
  7381 | D:7      | Killed a troll
  7382 | D:7      | Reached XP level 9. HP: 60/74 MP: 11/11
  7444 | D:7      | Identified the +12 long sword of Ashenzari's Whim {vorpal,
                  | *Slow rPois rN+ Dex+3}
  7966 | D:8      | Noticed a five-headed hydra
  7996 | D:8      | Noticed Erica
  8004 | D:8      | Found a flagged portal.
  8011 | D:8      | Noticed an elephant
  8013 | Bailey   | Entered a bailey
  8059 | Bailey   | HP: 3/74 [orc/bolt (15)]
  8482 | Bailey   | Reached skill level 5 in Evocations
  8555 | Bailey   | Noticed an orc knight
  8569 | Bailey   | Reached skill level 5 in Dodging
  8571 | Bailey   | Mangled by an orc knight

Illustrated notes

Levels and vault maps discovered:
D:1:      amcnicky_arrival_gap_in_the_tavern_cellar, layout_basic
D:2:      layout_basic, chequers_ecumenical_altar_twisty, serial_shops,
          nicolae_shop_trees, shop_fountains, serial_bayou_crossing
D:3:      layout_loops_ring, portal_sewer_entry_a, minmay_goblin_outpost
D:4:      layout_layer_cave, temple_doors_e, st_stairs_6
D:5:      layout_basic, supply_closet_lemuel, uniq_crazy_yiuf_cottage
D:6:      layout_rooms, ebering_ghost_rock_garden
D:7:      minmay_cornered_nines, layout_basic
D:8:      layout_rooms, david_lair_generic, enter_bailey_5, uniq_erica,
          uniq_maurice, uniq_prince_ribbit1
Temple:   mainiacjoe_temple_trianglar_array
Bailey:   bailey_polearm_2, bailey

Skill      XL: |  1  2  3  4  5  6  7  8  9 |
---------------+----------------------------+-----
Polearms       | 2 |  2.1
Fighting       | 3 4 5 |  5.9
Armour         | 3 4 5 |  5.8
Evocations     | 1 2 3 4 5 |  5.0
Dodging        | 1 2 3 4 5 |  5.0
Shields        | 3 4 5 |  5.8
Axes           | 1 2 3 4 |  4.7

Action                   |  1- 3 |  4- 6 |  7- 9 || total
-------------------------+-------+-------+-------++-------
Melee: Trident           |   105 |     1 |       ||   106
       Hand axe          |    27 |   139 |   211 ||   377
Evoke: Wand              |       |       |     4 ||     4
  Use: Potion            |       |     3 |    10 ||    13
       Scroll            |       |     3 |     9 ||    12
 Stab: Invisible         |       |       |     6 ||     6
       Sleeping          |       |       |     1 ||     1
Armor: Scale mail        |    41 |    53 |    13 ||   107
       Chain mail        |       |       |    71 ||    71
       Skin              |       |       |    21 ||    21
       Troll leather arm |       |       |    31 ||    31
Dodge: Dodged            |    50 |    70 |   177 ||   297
Block: Buckler           |    19 |    37 |    97 ||   153
